 Dungeon Crawl Stone Soup version 0.27.1-33-g824d729ab1 (webtiles) character file.

Game seed: 3155933723771205867

37955 LLlMATKO the Protected (level 13, -5/122 HPs)
             Began as a Minotaur Berserker on Dec 31, 2021.
             Was a High Priest of Trog.
             Slain by Rupert (7 damage)
             ... while paralysed by Rupert
             ... on level 5 of the Lair of Beasts.
             The game lasted 00:25:00 (20310 turns).

LLlMATKO the Protected (Minotaur Berserker)        Turns: 20310, Time: 00:25:00

Health: -5/122     AC: 21    Str: 24    XL:     13   Next: 61%
Magic:  12/12      EV:  2    Int:  4    God:    Trog [*****.]
Gold:   653        SH:  0    Dex: 13    Spells: 12/12 levels left

rFire    + . .     SeeInvis .   b - +3 demon whip (elec)
rCold    . . .     Faith    .   B - +3 buckler
rNeg     . . .     Spirit   .   P - +0 plate armour
rPois    .         Reflect  .   (helmet restricted)
rElec    .         Harm     .   O - +2 cloak
rCorr    .         Rampage  .   (no gloves)
Will     .....                  n - +0 pair of boots
Stlth    ..........             (no amulet)
HPRegen  0.30/turn              a - ring of protection from fire
MPRegen  0.13/turn              H - +4 ring of evasion

@: confused, paralysed, lethally poisoned (-5 -> -22), studying Armour
A: horns 2, retaliatory headbutt
a: Renounce Religion, Berserk, Trog's Hand, Brothers in Arms


You were on level 5 of the Lair of Beasts.
You worshipped Trog.
Trog was extremely pleased with you.
You visited 2 branches of the dungeon, and saw 16 of its levels.
You also visited: Ossuary.

You collected 653 gold pieces.

Inventory:

Hand Weapons
 b - a +3 demon whip of electrocution (weapon)
Missiles
 d - 7 javelins
 k - 39 bolts
 q - 45 poisoned darts (quivered)
 v - 7 datura-tipped darts
 E - 3 curare-tipped darts
Armour
 n - a +0 pair of boots (worn)
 B - a +3 buckler (worn)
 O - a +2 cloak (worn)
 P - a +0 plate armour (worn)
Jewellery
 a - a ring of protection from fire (left hand)
 i - a ring of protection from fire
 H - a +4 ring of evasion (right hand)
Wands
 g - a wand of polymorph (10)
 m - a wand of digging (17)
 p - a wand of flame (32)
 y - a wand of paralysis (29)
 D - a wand of iceblast (22)
 N - a wand of acid (2)
Scrolls
 c - a scroll of magic mapping
 f - a scroll of identify
 s - a scroll of brand weapon
 t - 4 scrolls of teleportation
 M - a scroll of enchant armour
Potions
 e - 4 potions of magic
 h - a potion of ambrosia
 j - 11 potions of curing
 l - 11 potions of haste
 r - a potion of might
 w - 7 potions of heal wounds
 x - a potion of resistance
 z - 4 potions of flight
 J - 2 potions of cancellation


   Skills:
 + Level 13.2 Fighting
 + Level 13.1 Maces & Flails
 + Level 14.4 Armour
 + Level 12.0 Dodging
 + Level 11.5 Shields


You had 12 spell levels left.
You didn't know any spells.
Your spell library was empty.

Dungeon Overview and Level Annotations

Branches:
Dungeon (11/15)            Temple (0/1) D:4            Lair (5/6) D:10
 Shoals (0/4) Lair:3        Snake (0/4) Lair:3      Ossuary (visited)
  Slime: Lair:5-6       Orc: D:9-12

Altars:
Cheibriados
Elyvilon
Fedhas
Hepliaklqana
Kikubaaqudgha
Nemelex Xobeh
Okawaru
Ru
Sif Muna
Uskayaw
Vehumet
Wu Jian
Zin
The Shining One
Lugonu

Shops:
D:1 *(   D:10 *

Annotations:
D:5 2 transporters
D:7 2 transporters, Harold
D:8 2 transporters
Lair:4 exclusion: 3 oklob plants
Lair:5 Rupert


Innate Abilities, Weirdness & Mutations

You have a pair of horns on your head.
You reflexively headbutt those who attack you in melee.


Message History

You closely miss Rupert. You headbutt Rupert.
Rupert is heavily wounded.
You feel sick.
You whack Rupert! You headbutt Rupert.
Rupert is heavily wounded.
Rupert hits you with a +5 battleaxe of venom!!
You are more poisoned.
You whack Rupert! Lightning courses through Rupert!
Rupert is severely wounded.
You feel sick.
You barely miss Rupert. You headbutt Rupert!
Rupert is almost dead.
You feel sick. Rupert yells loudly at you.
You suddenly lose the ability to move!
You feel very sick.
Rupert hits you with a +5 battleaxe of venom.
You are more poisoned.
You feel very sick.
Rupert hits you with a +5 battleaxe of venom.
You are more poisoned.
You feel very sick. Rupert roars wildly at you.
You are confused.
You feel very sick. Rupert roars wildly at you.
You struggle to resist.
You feel very sick.
Rupert screams, "Red!
No, blue!"
Rupert roars madly and goes into a rage!
Rupert goes berserk!
You feel very sick.
Rupert hits you with a +5 battleaxe of venom!
* * * LOW HITPOINT WARNING * * *
You feel very sick.
Rupert hits you with a +5 battleaxe of venom!!
* * * LOW HITPOINT WARNING * * *
You are more poisoned.
Rupert hits you with a +5 battleaxe of venom!
You die...

## ###............#
.....#.##.##.......P...#
......#...........P....#
.................†..#P##
......##...........####
...............#####
#.......[..P...#
#....(......####
#.....@@...#.#
#.......#.####
###....#### ###.# ...
.... #... ##..


You could see Rupert (berserk).

Vanquished Creatures
  A fire dragon (D:10)
  8 hydras
  A boulder beetle (D:10)
  A catoblepas (Lair:4)
  2 two-headed ogres
  Urug (Lair:1)
  6 death yaks
  Sonja (D:10)
  A deep elf archer (D:10)
  2 manticores
  3 elephants (Lair:3)
  Maurice (D:10)
  3 black mambas
  A torpor snail (Lair:3)
  9 cane toads
  2 rime drakes
  4 komodo dragons
  A freezing wraith (D:10)
  2 polar bears
  A wind drake (Lair:3)
  9 blink frogs
  2 hornets
  3 dream sheep (Lair:3)
  A shadow (D:9)
  3 wyverns
  A wraith (D:9)
  26 yaks
  4 basilisks
  4 nagas (Lair:3)
  A swamp worm (shapeshifter) (D:10)
  4 acid dragons
  10 water moccasins
  An orc warrior (D:10)
  A sky beast (D:6)
  A hornet zombie (D:7)
  A black bear (D:4)
  5 ogres
  5 necrophages
  15 wolves
  2 phantoms
  11 bullfrogs
  A kobold brigand (D:5)
  3 wyvern zombies
  A gnoll sergeant (D:9)
  2 scorpions
  8 killer bees
  5 wights (D:9)
  A bullfrog zombie (D:6)
  4 centaur zombies (D:9)
  7 orc priests
  3 hounds
  A jelly (D:5)
  Crazy Yiuf (D:2)
  A centaur skeleton (D:6)
  Ijyb (D:2)
  2 iguanas (D:5)
  Jessica (D:2)
  A gnoll shaman (D:8)
  Natasha (thrice) (D:2)
  10 orc wizards
  A killer bee zombie (D:6)
  13 mummies (Ossuary)
  2 howler monkey zombies
  2 howler monkey skeletons (D:7)
  13 gnolls
  15 adders
  3 white imps
  A worm (D:3)
  2 dart slugs
  25 orcs
  15 ball pythons
  4 endoplasms
  4 giant cockroaches
  14 goblins
  10 hobgoblins
  11 jackals
  4 quokkas
  4 bats
  2 frilled lizards
  2 gnoll skeletons (Ossuary)
  2 goblin skeletons (Ossuary)
  5 kobolds
  2 kobold skeletons (Ossuary)
  2 orc skeletons (Ossuary)
  6 rats
  11 rat skeletons (Ossuary)
392 creatures vanquished.

Vanquished Creatures (others)
  23 fungi
  34 plants
  A withered plant (D:9)
58 creatures vanquished.

Grand Total: 450 creatures vanquished

Notes
Turn   | Place    | Note
-------+----------+-------------------------------------------
     0 | D:1      | LLlMATKO the Minotaur Berserker began the quest for the
                  | Orb.
     0 | D:1      | Reached XP level 1. HP: 19/19 MP: 0/0
   289 | D:1      | Found a faded altar of an unknown god.
   309 | D:1      | Reached XP level 2. HP: 26/27 MP: 1/1
   322 | D:1      | Found Lagangimi's Antique Weapon Shoppe.
   605 | D:1      | Found Tusmeq's Assorted Antiques.
   896 | D:1      | Reached skill level 3 in Armour
   896 | D:1      | Reached XP level 3. HP: 33/33 MP: 2/2
  1122 | D:2      | Noticed Natasha
  1130 | D:2      | Killed Natasha
  1235 | D:2      | Reached ** piety under Trog
  1243 | D:2      | Reached XP level 4. HP: 35/41 MP: 3/3
  1340 | D:2      | Noticed Natasha
  1343 | D:2      | Killed Natasha
  1360 | D:2      | Noticed Natasha
  1372 | D:2      | Killed Natasha
  1441 | D:2      | Noticed Ijyb
  1453 | D:2      | Killed Ijyb
  1454 | D:2      | Reached XP level 5. HP: 47/47 MP: 4/4
  1561 | D:2      | Reached skill level 4 in Armour
  1642 | D:2      | Reached skill level 5 in Fighting
  1681 | D:2      | Found a runed translucent door.
  1682 | D:2      | Noticed Crazy Yiuf
  1688 | D:2      | Killed Crazy Yiuf
  1689 | D:2      | Reached skill level 5 in Maces & Flails
  1869 | D:2      | Noticed Jessica
  1877 | D:2      | Killed Jessica
  1990 | D:2      | Reached XP level 6. HP: 46/56 MP: 5/5
  2862 | D:3      | Found an iron altar of Okawaru.
  3051 | D:3      | Found a white marble altar of Elyvilon.
  3328 | D:3      | Reached *** piety under Trog
  3491 | D:3      | Found a shimmering blue altar of Sif Muna.
  3720 | D:3      | Reached skill level 5 in Armour
  3720 | D:3      | Reached XP level 7. HP: 28/62 MP: 6/6
  3994 | D:3      | Found an ornate altar of the Wu Jian Council.
  4511 | D:4      | Reached skill level 5 in Dodging
  4620 | D:4      | Found a glowing golden altar of the Shining One.
  4955 | D:4      | Reached skill level 6 in Armour
  4955 | D:4      | Reached XP level 8. HP: 69/71 MP: 7/7
  5279 | D:4      | Found a staircase to the Ecumenical Temple.
  5340 | D:5      | Entered Level 5 of the Dungeon
  5681 | D:5      | Reached **** piety under Trog
  5694 | D:5      | Noticed a troll
  5698 | D:5      | Found a transporter.
  5698 | D:5      | Found a radiant altar of Vehumet.
  5707 | D:5      | Found a transporter.
  6382 | D:5      | Reached skill level 1 in Shields
  6446 | D:5      | Found a hazy altar of Hepliaklqana.
  6447 | D:5      | Found a faded altar of an unknown god.
  6744 | D:6      | Found a blossoming altar of Fedhas.
  6932 | D:6      | Found a sacrificial altar of Ru.
  7012 | D:6      | Reached skill level 7 in Armour
  7478 | D:7      | Identified a scroll of acquirement
  7478 | D:7      | Acquired a +0 demon whip of electrocution
  7489 | D:7      | Reached XP level 9. HP: 81/81 MP: 8/8
  7825 | D:7      | Found a sand-covered staircase.
  7830 | Ossuary  | Entered an ossuary
  8061 | Ossuary  | Reached ***** piety under Trog
  8323 | D:7      | Noticed a white ugly thing
  8324 | D:7      | Noticed Harold
  8329 | D:7      | Noticed a red ugly thing
  8348 | D:7      | Reached skill level 8 in Armour
  8375 | D:7      | You fall into a shaft and drop 1 floor!
  8384 | D:8      | Paralysed by a hornet for 1 turns
  8389 | D:8      | Reached skill level 5 in Shields
  9181 | D:7      | Found a sparkling altar of Nemelex Xobeh.
  9218 | D:7      | Received a gift from Trog
  9316 | D:7      | Found a transporter.
  9318 | D:7      | Found a transporter.
  9319 | D:7      | Noticed an ancient zyme
  9321 | D:7      | Found a corrupted altar of Lugonu.
  9321 | D:7      | Noticed a purple ugly thing
  9400 | D:7      | Found a hide-covered altar of Uskayaw.
  9972 | D:8      | Found a snail-covered altar of Cheibriados.
 10042 | D:8      | Found a transporter.
 10055 | D:8      | Reached XP level 10. HP: 75/91 MP: 9/9
 10117 | D:8      | Found a transporter.
 10593 | D:9      | Found a glowing silver altar of Zin.
 10789 | D:9      | Reached skill level 9 in Armour
 11541 | D:10     | Entered Level 10 of the Dungeon
 11652 | D:10     | Found Gocsuh's Assorted Antiques.
 12022 | D:10     | Noticed Sonja
 12035 | D:10     | Killed Sonja
 12036 | D:10     | Reached skill level 10 in Fighting
 12274 | D:10     | Found an ancient bone altar of Kikubaaqudgha.
 12509 | D:10     | Noticed a two-headed ogre
 12519 | D:10     | Killed a two-headed ogre
 12520 | D:10     | Reached skill level 10 in Maces & Flails
 12548 | D:10     | Noticed a death yak
 12550 | D:10     | Noticed a death yak
 12551 | D:10     | Noticed a death yak
 12561 | D:10     | Killed a death yak
 12562 | D:10     | Reached XP level 11. HP: 88/100 MP: 10/10
 12582 | D:10     | Killed a death yak
 12583 | D:10     | Reached skill level 10 in Armour
 12620 | D:10     | Killed a death yak
 12663 | D:10     | Found a staircase to the Lair.
 12931 | D:10     | Noticed a boulder beetle
 12964 | D:10     | HP: 4/101 [boulder beetle (5)]
 13355 | D:10     | Killed a boulder beetle
 13691 | D:10     | Noticed Maurice
 13701 | D:10     | Killed Maurice
 14114 | D:10     | Noticed a deep elf archer
 14114 | D:10     | Noticed a fire dragon
 14114 | D:10     | Noticed a glowing orange brain
 14122 | D:10     | Killed a fire dragon
 14122 | D:10     | Noticed a sea snake
 14122 | D:10     | a glowing orange brain changed into a sea snake
 14124 | D:10     | a sea snake changed into a swamp worm
 14132 | D:10     | Killed a deep elf archer
 14282 | D:11     | Noticed a two-headed ogre
 14288 | D:11     | Killed a two-headed ogre
 14320 | Lair:1   | Entered Level 1 of the Lair of Beasts
 14430 | Lair:1   | Reached skill level 10 in Dodging
 14572 | Lair:1   | Noticed Urug
 14602 | Lair:1   | Killed Urug
 14603 | Lair:1   | Reached skill level 11 in Armour
 14690 | Lair:1   | Reached XP level 12. HP: 71/110 MP: 11/11
 15125 | Lair:1   | Received a gift from Trog
 15128 | Lair:1   | Acquired a manual of Armour
 15400 | Lair:1   | Noticed an eight-headed hydra
 15409 | Lair:1   | Killed an eight-headed hydra
 16030 | Lair:2   | Noticed an eight-headed hydra
 16042 | Lair:2   | Killed an eight-headed hydra
 16166 | Lair:2   | Noticed a four-headed hydra
 16177 | Lair:2   | Killed a four-headed hydra
 16310 | Lair:2   | Noticed a four-headed hydra
 16323 | Lair:2   | Killed a four-headed hydra
 16324 | Lair:2   | Reached skill level 12 in Armour
 16324 | Lair:2   | Reached skill level 10 in Shields
 16508 | Lair:2   | Noticed a six-headed hydra
 16522 | Lair:2   | Killed a six-headed hydra
 17233 | Lair:2   | Identified the +4 long sword of Riakiph {flame, Int+5}
 17387 | Lair:3   | Reached skill level 13 in Armour
 17394 | Lair:3   | Found a staircase to the Shoals.
 17400 | Lair:3   | Noticed a five-headed hydra
 17411 | Lair:3   | Killed a five-headed hydra
 17412 | Lair:3   | Reached XP level 13. HP: 51/119 MP: 12/12
 17848 | Lair:3   | Found a staircase to the Snake Pit.
 18464 | Lair:3   | Received a gift from Trog
 19191 | Lair:4   | Reached skill level 14 in Armour
 20287 | Lair:5   | Noticed Rupert
 20288 | Lair:5   | Paralysed by Rupert for 7 turns
 20303 | Lair:5   | Paralysed by Rupert for 7 turns
 20310 | Lair:5   | HP: 2/122 [Rupert (21)]
 20310 | Lair:5   | Slain by Rupert

Illustrated notes

Levels and vault maps discovered:
D:1:      amcnicky_arrival_underground_garden, layout_loops_ring,
          ebering_ecumenical_altar_mist, serial_shops, nicolae_shop_stone, shop,
          minmay_misc_feat_cross, serial_bayou_pond_c
D:2:      kennysheep_the_goblin_king, layout_basic, uniq_crazy_yiuf_cottage,
          uniq_jessica, uniq_natasha
D:3:      layout_basic, lemuel_blue_sif_altar, lemuel_crystal_altar,
          nicolae_wu_jian_glorious_leap, okawaru_trees_1, minmay_snake_closets
D:4:      layout_loops_ring, mainiacjoe_overflow_alcove_4,
          minmay_temple_entry_poolview
D:5:      layout_basic, gammafunk_temple_overflow_arena,
          beargit_hepliaklqana_dungeon_heroes, kennysheep_generic_room_7
D:6:      layout_rooms, hangedman_ru_absence, fedhas_altar_2
D:7:      gammafunk_corrupted_shrine, layout_basic, nemelex_spade_bored_becter,
          kennysheep_mini_moat, enter_ossuary_2, chequers_serial_rivers_room_a,
          uniq_harold
D:8:      layout_cave_pods, cheibriados_altar_1, gammafunk_ghost_gnarly_gnolls
D:9:      layout_roguey, mainiacjoe_overflow_paths, serial_undead,
          serial_undead_d, serial_undead_f, serial_undead_e, serial_undead_d
D:10:     minmay_shrinking_squares, layout_basic,
          nicolae_kikubaaqudgha_miasma_corner, dpeg_lair_monsters,
          serial_corexii_hall, corexii_hall_statues_t, corexii_hall_statues_i,
          serial_shops, shop, uniq_maurice, uniq_sonja
D:11:     layout_rooms, david_orc_1_choice
Lair:1:   layout_cave_pods, serial_bayou_pond_e, uniq_urug
Lair:2:   layout_regular_city, grunt_megastairs_4
Lair:3:   layout_layer_cave, minmay_shoals_entry_beasts,
          minmay_snake_entry_guardpost_small
Lair:4:   layout_misc_corridors, beast_lair_carwin_2, grunt_megastairs_3,
          minmay_lair_oklob_chamber, lemuel_fruit_tree
Lair:5:   layout_cave_shapes, slime_altar_1, serial_bayou_shore_a, uniq_rupert

Skill      XL: |  1  2  3  4  5  6  7  8  9 10 11 12 13 |
---------------+----------------------------------------+-----
Fighting       | 4 5 6 7 9 10 11 12 13 | 13.2
Maces & Flails | 4 5 6 7 8 10 11 12 13 | 13.1
Armour         | 3 4 5 6 7 8 9 11 13 14 | 14.4
Dodging        | 3 4 5 6 7 9 10 11 12 | 12.0
Shields        | 3 5 7 9 10 11 | 11.5

Action                   |  1- 3 |  4- 6 |  7- 9 | 10-12 | 13-15 || total
-------------------------+-------+-------+-------+-------+-------++-------
Melee: Mace              |    59 |   137 |   196 |       |       ||   392
       Headbutt          |     9 |    18 |    80 |   117 |    54 ||   278
       Demon whip        |       |       |   167 |   467 |   197 ||   831
Throw: Dart              |       |       |       |    52 |     3 ||    55
Invok: Berserk           |       |     5 |     2 |    11 |     3 ||    21
  Use: Scroll            |       |       |    15 |     4 |    14 ||    33
       Potion            |       |       |     1 |     1 |       ||     2
Armor: Animal skin       |     7 |       |       |       |       ||     7
       Ring mail         |     5 |    66 |    78 |    33 |       ||   182
       Plate armour      |       |       |       |    61 |    53 ||   114
Dodge: Dodged            |    41 |   104 |   151 |   181 |    92 ||   569
Block: Buckler           |       |       |    70 |   133 |    72 ||   275
